 Dungeon Crawl Stone Soup version 0.17-a0-764-gd40c196 (webtiles) character file.

16 Maocescu the Gusty (level 2, 16/20 HPs)
             Began as a Demigod Air Elementalist on Apr 23, 2015.
             Quit the game on level 1 of the Dungeon.
             The game lasted 00:03:52 (360 turns).

Maocescu the Gusty (Demigod Air Elementalist)        Turns: 360, Time: 00:03:52

Health: 16/20      AC:  3    Str: 11    XL:     2   Next: 24%
Magic:  0/7        EV: 12    Int: 19    God:
Gold:   21         SH:  0    Dex: 16    Spells: 2 memorised, 1 level left

rFire  . . .     SeeInvis .     k - +0 short sword
rCold  . . .     Clarity  .     a - +0 robe
rNeg   . . .     SustAb   +     (no shield)
rPois  .         Gourm    .     (no helmet)
rElec  .         Spirit   .     (no cloak)
rCorr  .         Warding  .     e - +0 pair of gloves
rMut   .         Stasis   .     (no boots)
MR     .....                    (no amulet)
Stlth  ++........               (no ring)
                                (no ring)

@: very slightly contaminated, not resistant to hostile enchantments, unstealthy
A: high mp 1, sustain abilities
a: no special abilities


You were on level 1 of the Dungeon.
You were not hungry.

You visited 1 branch of the dungeon, and saw 1 of its levels.

You collected 21 gold pieces.

Inventory:

Hand weapons
 k - a +0 short sword (weapon)
Armour
 a - a +0 robe (worn)
 e - a +0 pair of gloves (worn)
Scrolls
 f - a scroll of remove curse {unknown}
 i - a scroll of recharging {unknown}
Potions
 g - a potion of curing {unknown}
 h - a potion of heal wounds {unknown}
Books
 b - a book of Air

   Spells                             Type                      Level
   a - Shock                          Conjuration/Air              1
   b - Swiftness                      Charms/Air                   2
   c - Repel Missiles                 Charms/Air                   2
   d - Flight                         Charms/Air                   3
   e - Static Discharge               Conjuration/Air              3
   f - Lightning Bolt                 Conjuration/Air              5
Comestibles
 c - 3 bread rations
 d - 2 chunks of flesh
 j - 2 meat rations


   Skills:
 - Level 1.7 Dodging
 - Level 1.7 Stealth
 - Level 1.7 Spellcasting
 + Level 1.4 Conjurations
 * Level 3.2 Air Magic


You had one spell level left.
You knew the following spells:

 Your Spells              Type           Power        Failure   Level  Hunger
a - Shock                 Conj/Air       ##..         10%         1    #......
b - Swiftness             Chrm/Air       #.......     14%         2    ###....


Dungeon Overview and Level Annotations

Branches:
Dungeon (1/15)


Innate Abilities, Weirdness & Mutations

You have an increased reservoir of magic (+10% MP).
Your attributes are resistant to harm.


Message History

Casting: Shock
Confirm with . or Enter, or press ? or * to list all spells.
Aiming: Shock
Press: ? - help, Shift-Dir - straight line, f/p - giant gecko
Aim: a giant gecko (moderately wounded, clinging)
The zap hits the giant gecko.
The giant gecko is almost dead.
The giant gecko bites you.
You hit the giant gecko.
You kill the giant gecko!
Found a scroll labeled ISAURA ADGHENTO and 15 gold pieces.
There is an open door here.
You see here a giant gecko corpse.
You butcher the giant gecko corpse.
d - 2 chunks of flesh (gained 1)
There is an open door here.
Save game and exit?
Welcome back, Maocescu the Demigod Air Elementalist.
Press ? for a list of commands and other information.
Are you sure you want to abandon this character and quit the game? (Confirm with "yes".)

... ...... ......... #####....
........... #........
............. +........
.............#........
#...........#........
.###...........#........
$..........?....#......#.
......##@########......#.
.......................##
.................#.......
######...........#....#.. .
#.....#######....#.. .
#...#####........#.. .
..................#.. ####.
..##..................#..
.(...#........................#


There were no monsters in sight!

Vanquished Creatures
  A giant gecko (D:1)
  A bat (D:1)
  3 hobgoblins (D:1)
  2 kobolds (D:1)
  A giant newt (D:1)
  2 goblins (D:1)
  3 jackals (D:1)
  A rat (D:1)
14 creatures vanquished.

Notes
Turn   | Place    | Note
--------------------------------------------------------------
     0 | D:1      | Maocescu, the Demigod Air Elementalist, began the quest for the Orb.
     0 | D:1      | Reached XP level 1. HP: 14/14 MP: 5/5
    16 | D:1      | Reached skill level 1 in Conjurations
   104 | D:1      | Reached skill level 3 in Air Magic
   275 | D:1      | Reached XP level 2. HP: 20/20 MP: 1/7
   279 | D:1      | Learned a level 2 spell: Swiftness
   360 | D:1      | Quit the game

Action                   || total
-------------------------++-------
Melee: Short sword       ||     1
 Cast: Shock             ||    22
